 Dungeon Crawl Stone Soup version 0.18.1-48-g4cf74bf (webtiles) character file.

162 juanjsm the Sneak (level 5, -1/24 HPs)
             Began as a Spriggan Enchanter on July 17, 2016.
             Killed from afar by an orc wizard (8 damage)
             ... with a magic dart
             ... on level 3 of the Dungeon on July 18, 2016.
             The game lasted 00:10:13 (2213 turns).

juanjsm the Sneak (Spriggan Enchanter)              Turns: 2213, Time: 00:10:13

Health: -1/24      AC:  4    Str:  4    XL:     5   Next: 19%
Magic:  1/12       EV: 20    Int: 16    God:
Gold:   92         SH:  4    Dex: 18    Spells: 4 memorised, 3 levels left

rFire  . . .     SeeInvis +     h - +1 dagger (speed)
rCold  . . .     Gourm    .     b - +1 robe
rNeg   . . .     Faith    .     (shield restricted)
rPois  .         Spirit   .     (helmet restricted)
rElec  .         Dismiss  .     n - +0 cloak
rCorr  .         Reflect  +     (gloves unavailable)
SustAt .         Harm     .     (boots unavailable)
MR     .....                    l - +4 amulet of reflection
Stlth  ++++......               (no ring)
                                (no ring)

@: very quick, not resistant to hostile enchantments, stealthy
A: unfitting armour, see invisible, herbivore 3, speed 3, slow metabolism 2
a: no special abilities


You were on level 3 of the Dungeon.
You were not hungry.

You visited 1 branch of the dungeon, and saw 4 of its levels.

You collected 92 gold pieces.

Inventory:

Hand Weapons
 a - a +1 dagger
 h - a +1 dagger of speed (weapon)
Armour
 b - a +1 robe (worn)
 n - a +0 cloak (worn)
Jewellery
 l - a +4 amulet of reflection (around neck)
Scrolls
 e - a scroll of identify {unknown}
 f - a scroll of teleportation {unknown}
 g - 2 scrolls of remove curse {unknown}
 j - 2 scrolls of enchant armour {unknown}
 k - 3 scrolls of immolation {unknown}
 m - a scroll of enchant weapon {unknown}
Potions
 i - a potion of curing {unknown}
 o - a potion of beneficial mutation {unknown}
 p - a potion of heal wounds {unknown}
Books
 c - a book of Maledictions

   Spells                             Type                      Level
   a - Corona                         Hexes                        1
   b - Ensorcelled Hibernation        Hexes/Ice                    2
   c - Confuse                        Hexes                        3
   d - Tukima's Dance                 Hexes                        3
   e - Dazzling Spray                 Conjuration/Hexes            3
Comestibles
 d - a bread ration


   Skills:
 + Level 2.1 Short Blades
 + Level 4.4 Dodging
 + Level 5.6 Stealth
 * Level 4.4 Spellcasting
 + Level 4.2 Hexes


You had 3 spell levels left.
You knew the following spells:

 Your Spells              Type           Power        Failure   Level  Hunger
a - Corona                Hex            ###....      3%          1    None
b - Ensorcelled Hibernat  Hex/Ice        ##....       12%         2    ##.....
c - Confuse               Hex            ###.....     12%         3    ###....
d - Dazzling Spray        Conj/Hex       ##....       21%         3    ###....


Dungeon Overview and Level Annotations

Branches:
Dungeon (4/15)
 Temple: D:4-7

Altars:


Innate Abilities, Weirdness & Mutations

You are tiny and cannot use many weapons and most armour.
You have supernaturally acute eyesight.
You are a herbivore.
You cover ground extremely quickly.
You need consume almost no food.


Message History

Press: ? - help, Shift-Dir - straight line, f - orc priest
Aim: an orc priest, wielding a dagger (heavily wounded, chance to defeat MR: 41%)
The orc priest resists with some effort.
The orc priest barely misses you.
You closely miss the orc priest.
The orc priest is heavily wounded.
The orc priest barely misses you.
The orc priest calls down the wrath of Beogh upon you.
You resist with significant effort.
The orc priest invokes the aid of Beogh against you.
Pain shoots through your body!
* * * LOW HITPOINT WARNING * * *
An orc priest comes into view. It is wielding a short sword.
An orc comes into view. It is wielding a club.
An orc comes into view. It is wielding a mace of protection.
The orc shouts!
The orc wizard shouts!
The orc wizard casts a spell at you. The magic dart hits you!
You die...

.........###.##...#....##
#.....#
.........###....>...####
#.....#
............o..#.#### #.
###........##..#.# ##.
#......#.....#.# ##..
##.....##.##.#.# #..#
#.....##.##.#.# ##.##
#.....##.##.#.# #..##
.#..###.....@# #.###
####...############o...
......o........o.o[.....
#.....#......#######o.##
.o.............# #.###
................# ..# #
.........$......# ...#
...o.o..........# .#.#
..o............# #...#


You could see an orc priest, an orc wizard and 2 orcs.

Vanquished Creatures
  Natasha (twice) (D:3)
  A hound skeleton (D:4)
  A gnoll (D:1)
  2 adders (D:3)
  An ooze (D:2)
  3 dart slugs
  3 giant geckos
  An orc (D:3)
  A ball python (D:1)
  5 bats
  2 giant cockroaches
  5 goblins
  10 hobgoblins
  7 jackals
  A quokka (D:2)
  3 giant newts
  10 kobolds
  6 rats
64 creatures vanquished.

Notes
Turn   | Place    | Note
--------------------------------------------------------------
     0 | D:1      | juanjsm the Spriggan Enchanter began the quest for the Orb.
     0 | D:1      | Reached XP level 1. HP: 9/9 MP: 5/5
   348 | D:1      | Reached XP level 2. HP: 13/13 MP: 1/6
   352 | D:1      | Learned a level 2 spell: Ensorcelled Hibernation
   559 | D:1      | Reached skill level 5 in Stealth
   559 | D:1      | Reached XP level 3. HP: 12/16 MP: 0/8
   808 | D:1      | Learned a level 3 spell: Confuse
  1319 | D:3      | Noticed Natasha
  1406 | D:2      | Reached XP level 4. HP: 20/21 MP: 4/10
  1517 | D:3      | Learned a level 3 spell: Dazzling Spray
  1889 | D:3      | Killed Natasha
  1895 | D:3      | Noticed Natasha
  2059 | D:3      | Killed Natasha
  2059 | D:3      | Reached XP level 5. HP: 24/24 MP: 0/12
  2213 | D:3      | Killed from afar by an orc wizard

Skill      XL: |  1  2  3  4 |
---------------+-------------+-----
Spellcasting   | 3 4 |  4.4
Hexes          | 4 |  4.2
Stealth        | 5 |  5.6
Dodging        | 4 |  4.4
Short Blades   | 2 |  2.1

Action                   |  1- 3 |  4- 6 || total
-------------------------+-------+-------++-------
Melee: Dagger            |   145 |    54 ||   199
 Cast: Corona            |     6 |       ||     6
       Ensorcelled Hiber |    24 |    21 ||    45
       Confuse           |       |     7 ||     7
 Stab: Sleeping          |    30 |    13 ||    43
       Confused          |       |     2 ||     2
  Eat: Bread ration      |       |     1 ||     1
Armor: Robe              |    17 |     4 ||    21
Dodge: Dodged            |   108 |    31 ||   139
Block: Other             |       |     6 ||     6
       Reflection        |       |     1 ||     1
